 Dungeon Crawl Stone Soup version 0.31.0-11-ge490571c62 (webtiles) character file.

Game seed: 1909187265440345879

134 qw the Skirmisher (level 4, -1/25 HPs)
             Began as a Deep Elf Hunter on Feb 4, 2024.
             Slain by an iguana (4 damage)
             ... on level 4 of the Dungeon.
             The game lasted 00:00:10 (2044 turns).

qw the Skirmisher (Deep Elf Hunter)                 Turns: 2044, Time: 00:00:11

Health: -1/25      AC:  9    Str: 14    XL:     4   Next: 95%
Magic:  6/6        EV: 12    Int: 14    God:
Gold:   136        SH:  0    Dex: 18    Spells: 3/3 levels left

rFire   . . .        a - +1 shortbow
rCold   . . .        (shield currently unavailable)
rNeg    + . .        c - +0 leather armour
rPois   +            l - +0 helmet
rElec   .            h - +2 cloak {rPois}
rCorr   .            j - +0 pair of gloves of Zontol {rN+ Str+4}
SInv    .            e - +0 pair of boots
Will    +....        (no amulet)
Stlth   ++           k - ring of willpower
HPRegen 0.24/turn    (no ring)
MPRegen 0.10/turn

%: no passive effects
@: no status effects
A: no striking features
a: no special abilities


You were on level 4 of the Dungeon.
You visited 1 branch of the dungeon, and saw 4 of its levels.

You collected 136 gold pieces.


   Skills:
 - Level 1.5 Fighting
 - Level 8.3 Ranged Weapons
 + Level 2.5 Dodging
 - Level 1.2 Stealth


You had 3 spell levels left.
You didn't know any spells.
Your spell library was empty.

Inventory:

Hand Weapons
 a - a +1 shortbow (weapon)
Armour
 b - a +1 cloak
 c - a +0 leather armour (worn)
 e - a +0 pair of boots (worn)
 h - a +2 cloak of poison resistance (worn)
 j - the +0 pair of gloves of Zontol (worn) {rN+ Str+4}
   (You found it on level 3 of the Dungeon)

   Str+4:     It affects your strength (+4).
   rN+:       It protects you from negative energy.
 l - a +0 helmet (worn)
Jewellery
 k - a ring of willpower (left hand)
Scrolls
 d - a scroll of vulnerability {unknown}
 m - a scroll of identify
Potions
 f - a potion of mutation
 g - a potion of invisibility {unknown}
 i - a potion of enlightenment {unknown}

Dungeon Overview and Level Annotations

Branches:
Dungeon (4/15)
 Temple: D:4-7

Altars:
Hepliaklqana
Qazlal

Shops:
D:3 =

Annotations:
D:3 1 runed translucent door, Crazy Yiuf


Message History

You shoot an arrow. The arrow hits the hound.
The hound is moderately wounded.
You hear an angry hiss.
The hound bites you but does no damage.
The iguana bites you but does no damage.
The hound bites you but does no damage.
You hear a shout!
You shoot an arrow. The arrow hits the hound!
The hound is almost dead.
The iguana bites you. The hound bites you but does no damage.
Enter note:
2037 ||| RETREEEEATING.
Enter note:
2038 ||| RETREEEEATING.
The hound attacks as it pursues you! The hound bites you but does no damage.
The iguana attacks as it pursues you! The iguana bites you.
The hound bites you.
You shoot an arrow. The arrow hits the hound.
The hound is almost dead.
The iguana barely misses you. The hound barely misses you.
You shoot an arrow. The arrow hits the hound.
The hound is almost dead.
The hound closely misses you. The iguana closely misses you.
A black bear comes into view.
The hobgoblin barely misses you. The hound bites you but does no damage.
Enter note:
2041 ||| RETREEEEATING.
There is an open door here.
You shoot an arrow. The arrow hits the iguana!
The iguana is heavily wounded.
The iguana bites you!
The iguana bites you but does no damage.
You shoot an arrow.
The arrow hits the iguana but does no damage.
The iguana is heavily wounded.
The iguana closely misses you.
You shoot an arrow.
The arrow hits the iguana but does no damage.
The iguana is heavily wounded.
The iguana bites you.
You die...

.....
#.#.......#
.....#
#.#.#####..#
.....#
#.#.## #...
.....#
#....# ...
....
#####'#####
#.........#
#)8..8..8.#
#.........#
##+##+##@##
#.l## #)g.##
##...# ##..#
##'# ..#
...# ...h#


You could see an iguana and a hobgoblin.

Vanquished Creatures
  Robin (D:3)
  A gnoll (D:1)
  2 adders
  A shadow imp (D:3)
  2 dart slugs
  2 orcs (D:3)
  5 endoplasms
  3 giant cockroaches
  16 goblins
  7 hobgoblins
  6 kobolds
  11 quokkas
  6 ball pythons
  6 bats
  A frilled lizard (D:1)
  4 rats
74 creatures vanquished.

Notes
Turn   | Place    | Note
-------+----------+-------------------------------------------
     0 | D:1      | qw the Deep Elf Hunter began the quest for the Orb.
     0 | D:1      | Reached XP level 1. HP: 12/12 MP: 3/3
     0 | D:1      | 0 ||| qw: Version: 0.3-a-160-g6735b56
     0 | D:1      | 0 ||| qw: Game counter: 4777
     0 | D:1      | 0 ||| qw: Melee chars always use a shield: true
     0 | D:1      | 0 ||| qw: God list: Okawaru
     0 | D:1      | 0 ||| qw: Allow faded altars: false
     0 | D:1      | 0 ||| qw: Do Orc after clearing Dungeon:15 true
     0 | D:1      | 0 ||| qw: Do second Lair branch before Depths: true
     0 | D:1      | 0 ||| qw: Lair rune preference: random
     0 | D:1      | 0 ||| qw: Goals: Normal
     0 | D:1      | 0 ||| PLANNING D:1-11
    49 | D:1      | Reached XP level 2. HP: 16/16 MP: 4/4
    54 | D:1      | Reached skill level 6 in Ranged Weapons
   270 | D:1      | Found a faded altar of an unknown god.
   341 | D:1      | Reached XP level 3. HP: 20/20 MP: 5/5
   437 | D:1      | 437 ||| UPGRADING to +0 pair of boots.
   442 | D:1      | 442 ||| UPGRADING to +2 cloak of poison resistance.
   447 | D:1      | 447 ||| READING scroll labelled KYFOZ XADUMABA.
   447 | D:1      | 447 ||| IDENTIFYING orange potion
   448 | D:1      | 448 ||| READING scroll labelled SOGALO ADUS.
   452 | D:1      | 452 ||| READING scroll labelled LOEQEP JYHA.
   453 | D:1      | 453 ||| READING 2 scrolls labelled USAL USOSM.
   454 | D:1      | 454 ||| DROPPING scroll of butterflies.
   455 | D:1      | 455 ||| DROPPING potion of degeneration.
   456 | D:1      | 456 ||| DROPPING scroll of poison.
   605 | D:2      | Reached skill level 7 in Ranged Weapons
   630 | D:2      | Found a stormy altar of Qazlal.
   647 | D:2      | 647 ||| FLEEEEING.
   648 | D:2      | 648 ||| FLEEEEING.
   650 | D:2      | 650 ||| FLEEEEING.
   651 | D:2      | 651 ||| FLEEEEING.
   976 | D:2      | 976 ||| UPGRADING to +0 pair of gloves.
   981 | D:2      | 981 ||| UPGRADING to ring of willpower.
   982 | D:2      | 982 ||| READING scroll of identify.
   982 | D:2      | 982 ||| IDENTIFYING bubbling white potion
   983 | D:2      | 983 ||| READING scroll labelled BOURCH LETAGIERR.
   984 | D:2      | 984 ||| READING scroll labelled JAMASH UHAIBE.
   984 | D:2      | 984 ||| ENCHANTING +0 shortbow.
   985 | D:2      | 985 ||| READING scroll labelled ROGUWI JELUCZAOWKU.
   986 | D:2      | 986 ||| READING scroll labelled JOMEYXKISK.
  1062 | D:3      | Reached XP level 4. HP: 25/25 MP: 6/6
  1125 | D:3      | Found Qaedghech's Jewellery Boutique.
  1138 | D:3      | 1138 ||| SHOPLISTING amulet of guardian spirit (390 gold,
                  | have 129).
  1138 | D:3      | 1138 ||| SHOPLISTING ring of fire (325 gold, have 129).
  1138 | D:3      | 1138 ||| SHOPLISTING ring of ice (325 gold, have 129).
  1138 | D:3      | 1138 ||| SHOPLISTING ring of protection from cold (325
                  | gold, have 129).
  1138 | D:3      | 1138 ||| SHOPLISTING ring of protection from fire (325
                  | gold, have 129).
  1213 | D:3      | Identified the +10 hammer of the Gnashing Gods {antimagic,
                  | Stlth+}
  1215 | D:3      | Found a runed translucent door.
  1216 | D:3      | Noticed Crazy Yiuf
  1337 | D:3      | Identified the +0 pair of gloves of Zontol {rN+ Str+4}
  1497 | D:3      | Reached skill level 8 in Ranged Weapons
  1502 | D:3      | Noticed Robin
  1512 | D:3      | Killed Robin
  1615 | D:3      | Found a hazy altar of Hepliaklqana.
  1786 | D:3      | 1786 ||| UPGRADING to +0 pair of gloves of Zontol {rN+
                  | Str+4}.
  1796 | D:3      | 1796 ||| DROPPING +0 pair of gloves.
  1797 | D:3      | 1797 ||| UPGRADING to +0 helmet.
  1802 | D:3      | 1802 ||| DROPPING amulet of magic regeneration.
  1803 | D:3      | 1803 ||| READING scroll labelled MAJIFA PEMICEN.
  1904 | D:3      | 1904 ||| DRINKING 2 glowing pink potions.
  1905 | D:3      | 1905 ||| FLEEEEING.
  1906 | D:3      | 1906 ||| FLEEEEING.
  1907 | D:3      | 1907 ||| FLEEEEING.
  1908 | D:3      | 1908 ||| FLEEEEING.
  1909 | D:3      | 1909 ||| FLEEEEING.
  1910 | D:3      | 1910 ||| FLEEEEING.
  1911 | D:3      | 1911 ||| FLEEEEING.
  1912 | D:3      | 1912 ||| FLEEEEING.
  1913 | D:3      | 1913 ||| FLEEEEING.
  1914 | D:3      | 1914 ||| FLEEEEING.
  1915 | D:3      | 1915 ||| FLEEEEING.
  1916 | D:3      | 1916 ||| FLEEEEING.
  1917 | D:3      | 1917 ||| FLEEEEING.
  1918 | D:3      | 1918 ||| FLEEEEING.
  1919 | D:3      | 1919 ||| FLEEEEING.
  1920 | D:3      | 1920 ||| FLEEEEING.
  1921 | D:3      | 1921 ||| FLEEEEING.
  1922 | D:3      | 1922 ||| FLEEEEING.
  1923 | D:3      | 1923 ||| FLEEEEING.
  1924 | D:3      | 1924 ||| FLEEEEING.
  1925 | D:3      | 1925 ||| FLEEEEING.
  1926 | D:3      | 1926 ||| FLEEEEING.
  1927 | D:3      | 1927 ||| FLEEEEING.
  1928 | D:3      | 1928 ||| FLEEEEING.
  1929 | D:3      | 1929 ||| FLEEEEING.
  1930 | D:3      | 1930 ||| FLEEEEING.
  1931 | D:3      | 1931 ||| FLEEEEING.
  1932 | D:3      | 1932 ||| STAIRDANCE
  1934 | D:2      | 1934 ||| FLEEEEING.
  1935 | D:2      | 1935 ||| FLEEEEING.
  1936 | D:2      | 1936 ||| FLEEEEING.
  1937 | D:2      | 1937 ||| FLEEEEING.
  1938 | D:2      | 1938 ||| FLEEEEING.
  1939 | D:2      | 1939 ||| FLEEEEING.
  1940 | D:2      | 1940 ||| FLEEEEING.
  1941 | D:2      | 1941 ||| FLEEEEING.
  1942 | D:2      | 1942 ||| DROPPING potion of berserk rage.
  2031 | D:4      | 2031 ||| RETREEEEATING.
  2037 | D:4      | 2037 ||| RETREEEEATING.
  2038 | D:4      | 2038 ||| RETREEEEATING.
  2040 | D:4      | Noticed a black bear
  2041 | D:4      | 2041 ||| RETREEEEATING.
  2042 | D:4      | HP: 2/25 [iguana (8)]
  2044 | D:4      | Slain by an iguana

Levels and vault maps discovered:
D:1:      roderic_chinese_lattice_arrival, layout_rooms, serial_forest,
          infiniplex_forest_zigzag_2, infiniplex_forest_clump_medium,
          infiniplex_forest_lined_room_3, infiniplex_forest_zigzag_1,
          infiniplex_forest_end_1, infiniplex_forest_clump_curved,
          infiniplex_forest_lined_2, ebering_ecumenical_altar_rust
D:2:      layout_rooms, basic_altar, minmay_cupped
D:3:      layout_loops_cross, lemuel_coloured_pillars_altar, serial_shops, shop,
          uniq_robin, uniq_crazy_yiuf_cottage
D:4:      minmay_chambers_of_threes, layout_basic, jmf_multi_god_temple2

Skill      XL: |  1  2  3  4 |
---------------+-------------+-----
Ranged Weapons | 6 7 8 |  8.3
Fighting       | |  1.5
Dodging        | |  2.5
Stealth        | |  1.2

Action                     |  1- 3 |  4- 6 || total
---------------------------+-------+-------++-------
   Fire: Shortbow          |   111 |    80 ||   191
    Use: Scroll            |     9 |     1 ||    10
         Potion            |       |     1 ||     1
 Armour: Leather armour    |    13 |    32 ||    45
  Dodge: Dodged            |    19 |    19 ||    38

Table legend:
 A = Non-vault XP
 B = Vault XP
 C = Vault XP percentage of total XP
 D = Non-vault monster count
 E = Vault monster count
 F = Vault count percentage of total count
                 A         B        C        D         E       F
            +---------+---------+-------+---------+---------+-------
      Total |     143 |      49 |  25.5 |      55 |      19 |  25.7
            +---------+---------+-------+---------+---------+-------
        D:1 |      46 |       0 |   0.0 |      20 |       0 |   0.0
        D:2 |      40 |       9 |  18.4 |      16 |       4 |  20.0
        D:3 |      53 |      36 |  40.4 |      17 |      12 |  41.4
        D:4 |       4 |       4 |  50.0 |       2 |       3 |  60.0
            +---------+---------+-------+---------+---------+-------
